 Dungeon Crawl Stone Soup version 0.28-a0-1182-g381e24db82 (webtiles) character file.

Game seed: 17974747396965549415

175 Dittersdorf the Skirmisher (level 5, 0/34 HPs)
             Began as a Gargoyle Fighter on Dec 16, 2021.
             Slain by an orc (5 damage)
             ... on level 3 of the Dungeon.
             The game lasted 00:02:30 (2696 turns).

Dittersdorf the Skirmisher (Gargoyle Fighter)       Turns: 2696, Time: 00:02:31

Health: 0/34       AC: 15    Str: 21    XL:     5   Next: 55%
Magic:  5/5        EV: 10    Int:  9    God:
Gold:   94         SH:  0    Dex:  9    Spells: 4/4 levels left

rFire   + . .      SeeInvis .   a - +0 flail
rCold   . . .      Faith    .   c - +0 buckler
rNeg    + . .      Spirit   .   l - +3 ring mail {rF+}
rPois   ∞          Reflect  .   j - +0 helmet
rElec   +          Harm     .   i - +0 cloak
rCorr   .          Rampage  .   (no gloves)
Will    .....                   (no boots)
Stlth   ..........              (no amulet)
HPRegen 0.11/turn               (no ring)
MPRegen 0.09/turn               (no ring)

@: confused
A: sickness immunity, AC +4, negative energy resistance 1, electricity
resistance, torment resistance 1, petrification resistance
a: no special abilities


You were on level 3 of the Dungeon.
You visited 1 branch of the dungeon, and saw 3 of its levels.

You collected 94 gold pieces.

Inventory:

Hand Weapons
 a - a +0 flail (weapon)
Missiles
 b - 12 poisoned darts (quivered)
Armour
 c - a +0 buckler (worn)
 i - a +0 cloak (worn)
 j - a +0 helmet (worn)
 l - a +3 ring mail of fire resistance (worn)
Potions
 d - 2 potions of might
 m - 3 potions of curing


   Skills:
 + Level 4.5 Fighting
 + Level 3.3 Maces & Flails
 + Level 4.4 Armour
 - Level 4.0 Shields


You had 4 spell levels left.
You didn't know any spells.
Your spell library contained the following spells:

 Spells                   Type           Power      Damage    Failure   Level
 Beastly Appendage        Tmut           0%         N/A       54%         1
 Wereblood                Tmut           0%         N/A       67%         2
 Dazzling Flash           Conj/Hex       0%         N/A       88%         3
 Spider Form              Tmut/Pois      0%         N/A       88%         3
 Agony                    Necr           0%         N/A       100%        5
 Silence                  Hex/Air        0%         N/A       100%        5


Dungeon Overview and Level Annotations

Branches:
Dungeon (3/15)

Altars:


Innate Abilities, Weirdness & Mutations

You are immune to sickness and miasma.
Your stone body is resilient. (AC +4)
You are immune to poison.
You resist negative energy. (rN+)
You are resistant to electric shocks. (rElec)
You are resistant to unholy torment.
You are immune to petrification.


Message History

* * * LOW HITPOINT WARNING * * *
You miss the orc wizard.
The orc wizard is heavily wounded.
The orc wizard casts a spell at you.
The magic dart hits you but does no damage.
The orc hits you but does no damage.
The orc wizard hits you but does no damage.
You closely miss the orc wizard.
The orc wizard is heavily wounded.
The orc hits you with a +0 war axe.
* * * LOW HITPOINT WARNING * * *
The orc wizard hits you but does no damage.
The orc closely misses you.
You hit the orc wizard but do no damage.
The orc wizard is heavily wounded.
The orc wizard hits you but does no damage.
You block the orc's attack.
You hit the orc wizard.
The orc wizard is severely wounded.
The orc wizard gestures at you while chanting.
The puff of flame hits you. You resist.
* * * LOW HITPOINT WARNING * * *
The orc barely misses you.
An orc comes into view. It is wielding a +0 flail.
You barely miss the orc wizard.
The orc wizard is severely wounded.
The orc wizard hits you but does no damage.
The orc barely misses you.
The orc wizard points at you and mumbles some strange words.
You resist with some effort.
You closely miss the orc wizard.
The orc wizard is severely wounded.
The orc hits you but does no damage. The orc wizard casts a spell at you.
You are confused.
The orc misses you.
You sock the orc wizard!
You kill the orc wizard!
The orc hits you with a +0 war axe.
You die...

#### #.# ##......
...###.# ........
##..##.####....... #
....##.#........ .#
......†......... ..#
.....#.#.##.##.####.##
.....#.).....#.......#.#
####.###.##.###........#
. #.# #...)).'o@).....#
. #.# ####.###.......##
. #.. #.# #.......# .
##. #.. o.......# .
#...........# .
.....######## . .....#
...... ......o.


You could see 2 orcs.

Vanquished Creatures
  2 orc priests (D:3)
  2 orc wizards (D:3)
  Robin (D:2)
  4 adders
  A worm (D:2)
  A dart slug (D:1)
  2 orcs (D:3)
  4 ball pythons
  5 endoplasms
  7 goblins
  2 hobgoblins
  3 jackals (D:2)
  3 bats
  7 frilled lizards
  2 kobolds
  2 rats
48 creatures vanquished.

Vanquished Creatures (others)
  A goblin (D:2)
1 creature vanquished.

Grand Total: 49 creatures vanquished

Notes
Turn   | Place    | Note
-------+----------+-------------------------------------------
     0 | D:1      | Dittersdorf the Gargoyle Fighter began the quest for the
                  | Orb.
     0 | D:1      | Reached XP level 1. HP: 14/14 MP: 1/1
   256 | D:1      | Reached XP level 2. HP: 19/19 MP: 2/2
   282 | D:1      | You fall into a shaft and drop 1 floor!
   283 | D:2      | yay!
  1237 | D:2      | Noticed Robin
  1245 | D:2      | Reached XP level 3. HP: 16/23 MP: 3/3
  1246 | D:2      | Killed Robin
  1598 | D:2      | Reached XP level 4. HP: 3/29 MP: 4/4
  2660 | D:3      | Reached XP level 5. HP: 25/33 MP: 5/5
  2696 | D:3      | Slain by an orc

Illustrated notes

...#. . ....
.#...#######
..........#
#........#
#........###
#...........
#...@.......
#...........
.........###...
.#........ .
#.........
#.#......#.
#.#......#.. #
#..#...# ..


Turn 283 on D:2: yay!

Levels and vault maps discovered:
D:1:      dpeg_arrival_shrine, layout_basic
D:2:      layout_basic, minmay_lizard_pond, uniq_robin
D:3:      layout_basic, cheibrodos_sewer_entry_sluice

Skill      XL: |  1  2  3  4 |
---------------+-------------+-----
Shields        | 4 |  4.0
Fighting       | 4 |  4.5
Armour         | 4 |  4.4
Maces & Flails | 3 |  3.3

Action                   |  1- 3 |  4- 6 || total
-------------------------+-------+-------++-------
Melee: Flail             |    89 |   105 ||   194
  Use: Scroll            |       |     6 ||     6
Armor: Scale mail        |    57 |    14 ||    71
       Ring mail         |       |    51 ||    51
Dodge: Dodged            |    63 |    37 ||   100
Block: Buckler           |    28 |    18 ||    46

Table legend: (Time is in decaauts)
 A = Elapsed time spent in this place.
 B = Non-inter-level travel time spent in this place.
 C = Inter-level travel time spent in this place.
 D = Time resting spent in this place.
 E = Time spent auto-exploring this place.
 F = Levels seen in this place.
 G = Mean time per level.
                   A        B        C        D        E       F      G
               +--------+--------+--------+--------+--------+-----+--------+
         Total |   2751 |   2619 |    132 |    252 |   1945 |   3 |  917.0 |
       Dungeon |   2751 |   2619 |    132 |    252 |   1945 |   3 |  917.0 |
               +--------+--------+--------+--------+--------+-----+--------+

Top non-repeatable levels by time:
     D:2: 1497 daAuts
     D:1: 1091 daAuts
     D:3: 163 daAuts
